Map: Rovine di Endion

Players

TerranOP - Winner!

  • Race: Terran Terran
  • League: Bronze

Jhyrachy

  • Race: Zerg Zerg
  • League: Gold

VOD

Have the link to the VOD?

Description

Time

  • Played on: April 9, 2016, 4:22 p.m.
  • Length: 10:21
Show
View Real Time Build Order
Export as new Build Order

TerranOP Terran - Winner!

Build Orders: MMM Bio 

Get SALT Encoding   

  12  0:01  SCV  
  13  0:13  SCV  
  14  0:20  Supply Depot  
  14  0:25  SCV  
  15  0:41  SCV  
  16  0:44  Barracks  
  16  0:51  Refinery  
  16  0:53  SCV  
  17  1:05  SCV  
  18  1:18  SCV  
  19  1:30  SCV  
  20  1:34  Supply Depot  
  20  1:37  Marine  
  21  1:42  Orbital Command  
  21  1:53  Command Center  
  21  1:56  Barracks Reactor  
  21  2:05  Bunker  
  21  2:08  SCV  
  22  2:20  SCV  
  23  2:28  Factory  
  23  2:32  SCV  
  23  2:33  Marine x2  
  26  2:44  SCV  
  26  2:46  Supply Depot  
  26  2:51  Marine x2  
  28  2:56  SCV  
  30  3:07  Barracks  
  30  3:08  SCV  
  30  3:09  Supply Depot  
  30  3:11  SCV  
  32  3:21  SCV  
  32  3:23  SCV  
  32  3:24  Marine x2  
  36  3:28  Factory Tech Lab  
  36  3:32  Supply Depot  
  36  3:33  Starport  
  36  3:39  Orbital Command  
  36  3:41  Marine x2, SCV  
  39  3:53  Refinery, SCV  
  40  4:01  Barracks Tech Lab  
  40  4:02  Marine x2  
  42  4:05  SCV  
  42  4:06  Siege Tank  
  46  4:14  Starport Reactor  
  46  4:17  SCV  
  46  4:19  SCV  
  46  4:23  Refinery  
  48  4:25  Refinery  
  48  4:29  SCV  
  49  4:31  Marine x2, SCV  
  52  4:42  SCV  
  52  4:43  SCV  
  54  4:54  SCV  
  54  4:56  SCV  
  56  5:00  Medivac  
  56  5:02  Medivac  
  56  5:06  SCV  
  61  5:09  Supply Depot  
  61  5:15  Marauder  
  61  5:18  Siege Tank, Supply Depot  
  61  5:20  SCV x2  
  68  5:25  Marine x2  
  70  5:32  SCV x2  
  70  5:33  Supply Depot  
  72  5:36  Marauder  
  72  5:41  Supply Depot  
  72  5:42  Medivac x2  
  78  5:43  Marine x2  
  76  5:58  Marauder  
  76  6:00  Marine  
  79  6:07  Engineering Bay  
  79  6:21  Barracks Tech Lab  
  74  6:43  Missile Turret, Stimpack  
  74  6:44  Marine  
  74  6:45  Missile Turret, Marauder, Marine  
  74  6:46  Siege Tank  
  81  6:58  Missile Turret  
  81  7:01  Missile Turret  
  81  7:02  Marine  
  81  7:05  Marine  
  81  7:06  Marauder  
  85  7:09  Liberator  
  85  7:10  Missile Turret  
  85  7:15  Terran Infantry Weapons Level 1  
  85  7:18  Siege Tank  
  85  7:20  Marine  
  89  7:23  Marine  
  89  7:27  Marauder  
  93  7:38  Marine  
  94  7:48  Missile Turret  
  94  7:59  Supply Depot  
  94  8:02  Liberator  
  94  8:04  Liberator  
  93  8:18  Marine  
  93  8:19  Marine x2  
  99  8:21  Supply Depot x2  
  99  8:22  Supply Depot  
  102  8:37  Marauder  
  104  8:45  Missile Turret x2, Liberator  
  104  8:46  Combat Shields  
  104  8:59  Marauder  
  109  9:36  Marauder, Marine x2  
  119  9:54  Marine x2  
  119  9:58  Marauder  
Show
View Real Time Build Order
Export as new Build Order

Jhyrachy Zerg 

Build Orders: Hatch First 

Get SALT Encoding   

  12  0:01  Drone  
  13  0:09  Drone  
  14  0:18  Overlord  
  14  0:36  Drone x2  
  14  0:37  Drone  
  17  0:57  Hatchery  
  17  1:01  Extractor, Drone  
  16  1:08  Drone  
  17  1:18  Spawning Pool  
  17  1:19  Drone  
  17  1:27  Drone  
  17  1:31  Overlord  
  18  1:49  Drone  
  19  2:00  Drone  
  20  2:06  Queen  
  22  2:10  Zergling x4  
  22  2:11  Queen  
  26  2:17  Drone  
  27  2:36  Drone  
  27  2:37  Drone x3  
  31  2:43  Extractor, Lair  
  30  2:50  Queen  
  32  2:54  Drone x3  
  35  3:13  Overlord  
  35  3:36  Extractor  
  35  3:37  Drone x8  
  35  3:38  Drone, Extractor  
  42  3:46  Spire  
  41  3:53  Spore Crawler  
  40  4:15  Spore Crawler  
  39  4:18  Queen  
  39  4:19  Queen  
  43  4:36  Overlord x2  
  43  5:02  Mutalisk x8  
  59  6:17  Overlord x3  
  55  6:42  Mutalisk  
  55  6:43  Mutalisk x11  
  79  6:57  Drone  
  79  6:58  Drone x4  
  79  6:59  Overlord  
  84  7:03  Hatchery  
  84  7:08  Drone  
  78  8:23  Roach Warren  
  77  8:43  Lair  
  77  8:46  Overlord x4  
  77  8:47  Overlord  
  77  9:09  Evolution Chamber  
  76  9:10  Evolution Chamber  
  75  9:26  Roach x5  
  75  9:27  Roach x19  
  75  9:31  Overlord x2  
Tags
 
Add a new tag
Caveats
  • Supply blocks, unpowered buildings, or Contaminate may cause inaccurate times.
  • Supply counts are checked every 10 seconds.